 Dungeon Crawl Stone Soup version 0.18-b1-16-g289874d (webtiles) character file.

122714 rezek the Fencer (level 16, -2/118 HPs)
             Began as an Octopode Fighter on Apr 30, 2016.
             Was the Champion of Pakellas.
             Slain by an apocalypse crab (9 damage)
             ... on level 3 of the Abyss on May 1, 2016.
             The game lasted 03:16:34 (36565 turns).

rezek the Fencer (Octopode Fighter)                Turns: 36565, Time: 03:16:36

Health: -2/118     AC: 11    Str: 16    XL:     16   Next: 88%
Magic:  16/34      EV: 25    Int: 14    God:    Pakellas [******]
Gold:   1032       SH:  0    Dex: 20    Spells: 0 memorised, 15 levels left

rFire  . . .     SeeInvis +     a - +0 long sword
rCold  + . .     Gourm    .     c - +0 large shield {reflect}
rNeg   . . .     Faith    .     T - +2 hat
rPois  .         Spirit   .     n - +6 amulet of reflection
rElec  .         Dismiss  .     e - ring of protection from magic
rCorr  .         Reflect  +     u - +4 ring of evasion
SustAt +         Harm     .     K - +2 ring of evasion
MR     ++...                    r - ring of Amorality {SustAt MP+9}
Stlth  +++.......               G - ring of wizardry
                                i - +4 ring of dexterity
                                M - ring of see invisible
                                V - ring of protection from cold

@: confused, about to teleport, very resistant to hostile enchantments, fairly
stealthy
A: almost no armour, amphibious, 8 rings, constrict 8, antennae 1, iridescent
scales 1, large bone plates 1, thin metallic scales 1, camouflage 1, clever 1,
gelatinous body 1
a: Quick Charge, Device Surge, Renounce Religion


You were on level 3 of the Abyss.
You worshipped Pakellas.
Pakellas was exalted by your worship.
You were not hungry.

You visited 6 branches of the dungeon, and saw 26 of its levels.
You visited the Abyss 1 time.
You also visited: Ice Cave.

You collected 2507 gold pieces.
You spent 1475 gold pieces at shops.

Inventory:

Hand Weapons
 a - a +0 long sword (weapon)
 b - a +1 blowgun
Missiles
 d - 3 curare-tipped needles
 f - 96 poisoned needles
 k - 6 throwing nets
 H - 7 javelins (quivered)
 P - 31 tomahawks
Armour
 c - a +0 large shield of reflection (worn)
 O - a +2 hat
 T - a +2 hat (worn)
 Z - a +1 hat of spirit shield
Rods
 Q - a +10 rod of clouds (18/18)
   (You bought it in a shop on level 2 of the Orcish Mines)
 W - a +6 lightning rod (15/15)
   (Pakellas gifted it to you on level 11 of the Dungeon)
Jewellery
 e - a ring of protection from magic (left tentacle)
 i - a +4 ring of dexterity (on tentacle)
 n - a +6 amulet of reflection (around mantle)
 r - the ring of Amorality (on tentacle) {SustAt MP+9}
   (You found it on level 1 of the Lair of Beasts)

   [ring of sustain attributes]

   It sustains your strength, intelligence and dexterity.
   It affects your magic capacity (+9).
 u - a +4 ring of evasion (right tentacle)
 G - a ring of wizardry (on tentacle)
 K - a +2 ring of evasion (on tentacle)
 M - a ring of see invisible (on tentacle)
 V - a ring of protection from cold (on tentacle)
Wands
 j - a wand of iceblast (6/15)
 s - a wand of lightning (9/15)
 w - a wand of iceblast (9/15)
 A - a wand of hasting (6/9)
 U - a wand of acid (9/15)
Scrolls
 g - 2 scrolls of recharging
 h - 8 scrolls of identify
 l - 6 scrolls of teleportation
 m - 2 scrolls of blinking
 o - 8 scrolls of remove curse
 y - 6 scrolls of fear
 z - a scroll of fog
 B - a scroll of silence
Potions
 p - 3 potions of agility
 q - a potion of resistance
 t - 5 potions of lignification
 D - a potion of haste
 F - 3 potions of invisibility
 I - a potion of cancellation
 N - 2 potions of might
 R - 2 potions of berserk rage
 Y - 23 potions of magic
Books
 C - a book of Unlife

   Spells                             Type                      Level
   a - Recall                         Summoning/Translocation      3
   b - Animate Dead                   Necromancy                   4
   c - Control Undead                 Necromancy                   4
   d - Cigotuvi's Embrace             Necromancy                   5
   e - Death Channel                  Necromancy                   6
   f - Simulacrum                     Ice/Necromancy               6
Miscellaneous
 L - a sack of spiders
 X - a phial of floods
Comestibles
 E - a chunk of flesh
 J - 7 meat rations
 S - 35 fruits


   Skills:
 * Level 13.7 Fighting
 * Level 15.4 Long Blades
 + Level 0.8 Throwing
 + Level 10.3 Dodging
 * Level 9.2 Stealth
 + Level 14.1 Shields
 * Level 12.5 Evocations


You had 15 spell levels left.
You didn't know any spells.

Dungeon Overview and Level Annotations

Branches:
Dungeon (13/15)            Temple (1/1) D:6            Lair (8/8) D:11
 Shoals (1/4) Lair:3       Spider (0/4) Lair:3        Slime (0/6) Lair:6
    Orc (2/2) D:9             Elf (1/3) Orc:2        Vaults (0/5) D:13

Altars:
Cheibriados
Dithmenos
Fedhas
Gozag
Kikubaaqudgha
Makhleb
Okawaru
Pakellas
Qazlal
Ru
Sif Muna
Trog
Vehumet
Xom
Yredelemnul
Zin
The Shining One
Jiyva

Shops:
D:9 [   Orc:1 [   Orc:2 }[(*   Elf:1 =

Portals:
Trove: D:11 (show slimy rune of Zot)

Annotations:
D:13 exclusions: 2 hogs and slime creature, Frances, Kirke, Rupert


Innate Abilities, Weirdness & Mutations

You cannot wear most types of armour.
You are amphibious.
You can wear up to eight rings at the same time.
You can use your tentacles to constrict eight enemies at once.
Your skin changes colour to match your surroundings (Stealth).
Your rubbery body absorbs attacks (AC +1).
You have a pair of small antennae on your head.
You are partially covered in iridescent scales (AC +4).
You are partially covered in large bone plates (AC +2, SH +2).
You are partially covered in thin metallic scales (AC +2).
Your mind is acute. (Int +2)


Message History

Drink which item? (? for menu, Esc to quit)
You feel much better.
The crystal guardian fires a crystalline bolt at you.
The crystal bolt misses you.
Drink which item? (? for menu, Esc to quit)
You are confused.
You feel invigorated. The fire dragon breathes flames at you.
The blast of flame hits the crystal guardian.
The crystal guardian completely resists.
The blast of flame misses you.
The crystal guardian fires a crystalline bolt at you.
The crystal bolt freezes you! You resist.
* * * LOW HITPOINT WARNING * * *
The crystal bolt freezes the apocalypse crab.
The apocalypse crab resists.
The apocalypse crab bites you!
* * * LOW HITPOINT WARNING * * *
You are engulfed in flames!
You die...
Pakellas says: Time to start the next experiment...

... ........ . ... .
.....#. #.. ... ... #...
## ##.# ##.## #.# # #
#...###...###...###.. #
.....#.....#.....#.....#
.................... . .
. #.. #..t..#.....#. ..
# . ##.@.###...# ..## ##
# ##8## ##.## # G# # #..
##.8D## . .###.. ##
#x....#.....#.. .#G.. .
.v..............8... ..
. .. ..#.....#.....#...
.#. #...###...###...# #
.. # ##.# ##.## #.## ##t
# .. ...# # ..# . .


You could see a fire dragon, 2 crystal guardians and an apocalypse crab.

Vanquished Creatures
  2 frost giants (Shoals:1)
  A blizzard demon (IceCv)
  7 hydras
  A merfolk aquamancer (Shoals:1)
  3 dancing weapons (Elf:1)
  4 ogre magi (Orc:2)
  An orc high priest (Orc:2)
  13 death yaks
  A deep elf knight (Elf:1)
  4 sea snakes (Shoals:1)
  15 harpies (Shoals:1)
  4 hill giants
  3 ugly things (D:13)
  3 deep elf magi (Elf:1)
  5 fauns (Shoals:1)
  8 cyclopes
  4 manticores
  6 griffons
  11 elephants
  4 sirens (Shoals:1)
  7 black mambas
  A torpor snail (Lair:6)
  A gargoyle (D:13)
  3 rime drakes
  9 spiny frogs
  7 komodo dragons
  2 anaconda simulacra (IceCv)
  6 ice devils (IceCv)
  An ancient zyme (Abyss:3)
  5 freezing wraiths (IceCv)
  A spriggan druid (Lair:8)
  9 merfolk (Shoals:1)
  8 polar bears (Lair:8)
  9 trolls
  3 snapping turtles (Shoals:1)
  Prince Ribbit (D:5)
  17 two-headed ogres
  20 blink frogs
  7 slime creatures
  A raiju (Abyss:3)
  2 vampires
  5 water elementals
  A shadow (D:11)
  78 yaks
  An air elemental (Elf:1)
  A wraith (Abyss:3)
  3 dire elephant simulacra (IceCv)
  10 spriggans (Lair:8)
  A fire elemental (Lair:1)
  A small abomination (Abyss:3)
  2 basilisks (Lair:6)
  2 wyverns
  14 hippogriffs
  Grum (Lair:1)
  Menkaure (D:4)
  A death yak simulacrum (IceCv)
  A chaos spawn (Abyss:3)
  3 steam dragons
  An iron troll simulacrum (IceCv)
  3 wargs
  4 harpy simulacra (IceCv)
  3 mottled dragons
  4 hydra simulacra (IceCv)
  16 water moccasins
  Duvessa (D:6)
  19 porcupines
  5 phantoms
  5 ice beasts
  8 black bears
  10 orc warriors
  3 wasps
  An ettin simulacrum (IceCv)
  5 sky beasts
  A black bear (shapeshifter) (Elf:1)
  An eye of draining (D:12)
  24 ogres
  2 necrophages
  37 wolves
  8 centaurs
  30 crocodiles
  3 big kobolds
  20 giant frogs
  A wyvern zombie (D:12)
  An earth elemental (Elf:1)
  A gnoll sergeant (D:11)
  Dowan (D:6)
  7 scorpions
  3 jellies
  An elephant simulacrum (IceCv)
  14 killer bees
  11 wights
  6 howler monkeys
  A lava snake (Lair:1)
  5 crimson imps
  5 centaur zombies
  3 giant frog zombies
  2 quasits
  A draconian simulacrum (IceCv)
  10 orc wizards
  15 orc priests
  8 centaur skeletons
  6 hounds
  2 giant frog skeletons
  Jessica (D:2)
  6 iguanas
  Natasha (twice) (D:3)
  6 worker ants
  5 troll simulacra (IceCv)
  28 sheep
  A wolf simulacrum (IceCv)
  3 centaur simulacra (IceCv)
  A worker ant zombie (D:6)
  2 howler monkey skeletons
  9 adders
  10 gnolls
  57 river rats
  3 naga simulacra (IceCv)
  An ogre simulacrum (IceCv)
  5 shadow imps
  2 white imps (IceCv)
  6 ufetubi (IceCv)
  An adder zombie (D:8)
  3 worms
  5 dart slugs
  2 giant geckos
  43 orcs
  5 bats
  2 giant cockroaches (D:1)
  5 goblins (D:1)
  10 hobgoblins
  18 jackals
  23 kobolds
  6 quokkas
  A ball python (D:1)
  8 giant newts
  A jackal zombie (D:5)
  2 quokka skeletons (D:5)
  12 rats
  5 plants
964 creatures vanquished.

Vanquished Creatures (collateral kills)
  A frost giant (Shoals:1)
  A griffon (Shoals:1)
  2 trolls (D:11)
4 creatures vanquished.

Vanquished Creatures (others)
  A blizzard demon (IceCv)
  2 deep elf archers
  2 fauns (Shoals:1)
  2 cyclopes
  A water elemental (Elf:1)
  A centaur (Shoals:1)
  3 bushes
  55 fungi
  23 plants
90 creatures vanquished.

Grand Total: 1058 creatures vanquished

Notes
Turn   | Place    | Note
--------------------------------------------------------------
     0 | D:1      | rezek the Octopode Fighter began the quest for the Orb.
     0 | D:1      | Reached XP level 1. HP: 16/16 MP: 1/1
   364 | D:1      | Reached XP level 2. HP: 21/21 MP: 2/2
   615 | D:1      | Reached XP level 3. HP: 17/26 MP: 3/3
  1043 | D:2      | Reached skill level 3 in Long Blades
  1194 | D:2      | Reached XP level 4. HP: 26/33 MP: 4/4
  1223 | D:2      | Noticed Jessica
  1249 | D:2      | Killed Jessica
  1606 | D:2      | Found a snail-covered altar of Cheibriados.
  1732 | D:2      | Found a shimmering altar of Xom.
  1959 | D:2      | Reached XP level 5. HP: 38/38 MP: 5/5
  2096 | D:3      | Reached skill level 4 in Long Blades
  2387 | D:3      | Noticed Natasha
  2396 | D:3      | Killed Natasha
  2424 | D:3      | Noticed Natasha
  2439 | D:3      | Killed Natasha
  2439 | D:3      | Reached XP level 6. HP: 45/45 MP: 6/6
  2738 | D:3      | Reached skill level 5 in Fighting
  3020 | D:4      | Noticed Menkaure
  3306 | D:4      | Reached skill level 5 in Long Blades
  3629 | D:4      | Killed Menkaure
  3629 | D:4      | Reached XP level 7. HP: 27/50 MP: 7/7
  3658 | D:5      | Entered Level 5 of the Dungeon
  3711 | D:5      | Reached skill level 6 in Long Blades
  4135 | D:5      | Noticed Prince Ribbit
  4422 | D:5      | Gained mutation: You are partially covered in iridescent scales (AC +4). [potion of mutation]
  4422 | D:5      | Gained mutation: You are partially covered in thin metallic scales (AC +2). [potion of mutation]
  4422 | D:5      | Gained mutation: You are partially covered in large bone plates (AC +2, SH +2). [potion of mutation]
  4514 | D:5      | Reached skill level 7 in Long Blades
  4514 | D:5      | Reached XP level 8. HP: 58/58 MP: 8/8
  5449 | D:5      | Killed Prince Ribbit
  5449 | D:5      | Reached skill level 8 in Long Blades
  5498 | D:6      | Found a shadowy altar of Dithmenos.
  5499 | D:6      | Upgraded the game from 0.18-b1-14-g029dad2 to 0.18-b1-16-g289874d
  5505 | D:6      | Found an opulent altar of Gozag.
  5537 | D:6      | Noticed Duvessa
  5539 | D:6      | Noticed Dowan
  5612 | D:6      | Killed Duvessa
  5612 | D:6      | Reached XP level 9. HP: 57/66 MP: 9/9
  5616 | D:6      | Killed Dowan
  5859 | D:6      | Found a radiant altar of Vehumet.
  6240 | D:6      | Found a staircase to the Ecumenical Temple.
  6246 | Temple   | Entered the Ecumenical Temple
  6264 | Temple   | Became a worshipper of Pakellas the Inventive
  6539 | D:7      | Found a sacrificial altar of Ru.
  6539 | D:7      | Found an ancient bone altar of Kikubaaqudgha.
  6866 | D:7      | Reached skill level 9 in Long Blades
  7189 | D:8      | Reached skill level 5 in Shields
  7299 | D:8      | Found a shimmering altar of Xom.
  7574 | D:8      | Reached * piety under Pakellas
  7574 | D:8      | Received a gift from Pakellas
  7869 | D:8      | Reached XP level 10. HP: 64/74 MP: 10/10
  7884 | D:8      | Reached skill level 1 in Evocations
  8186 | D:9      | Found Netomink's Antique Armour Emporium.
  8662 | D:9      | Found a staircase to the Orcish Mines.
  8774 | D:9      | Reached ** piety under Pakellas
  8774 | D:9      | Received a gift from Pakellas
  8795 | D:9      | Reached skill level 10 in Fighting
  9423 | D:9      | Found a blossoming altar of Fedhas.
  9659 | D:10     | Entered Level 10 of the Dungeon
  9671 | D:10     | Reached skill level 10 in Long Blades
  9672 | D:10     | Noticed a hill giant
  9688 | D:9      | Reached *** piety under Pakellas
  9688 | D:9      | Received a gift from Pakellas
  9730 | D:10     | Noticed a hill giant
  9753 | D:10     | Killed a hill giant
  9827 | D:10     | Reached XP level 11. HP: 82/82 MP: 12/14
  9934 | D:10     | Killed a hill giant
 10264 | D:10     | Gained mutation: Your mind is acute. (Int +2) [potion of beneficial mutation]
 10293 | D:10     | Gained mutation: You have a pair of small antennae on your head. [potion of beneficial mutation]
 10747 | D:10     | You fall through a shaft for 2 floors!
 10767 | D:12     | Reached skill level 5 in Evocations
 10810 | D:12     | Reached **** piety under Pakellas
 10810 | D:12     | Received a gift from Pakellas
 10866 | D:12     | Reached skill level 11 in Long Blades
 11227 | D:12     | Noticed a cyclops
 11234 | D:12     | Killed a cyclops
 11287 | D:12     | Found a deep blue altar of Sif Muna.
 11386 | D:11     | Found a portal to a secret trove of treasure.
 11699 | D:11     | Noticed a cyclops
 11700 | D:11     | Reached ***** piety under Pakellas
 11700 | D:11     | Received a gift from Pakellas
 11714 | D:11     | Killed a cyclops
 11756 | D:11     | Noticed a hill giant
 11875 | D:11     | Reached XP level 12. HP: 44/90 MP: 16/16
 12495 | D:11     | Reached skill level 10 in Shields
 12857 | D:11     | Reached ****** piety under Pakellas
 12896 | D:11     | Found a staircase to the Lair.
 12937 | Lair:1   | Entered Level 1 of the Lair of Beasts
 12942 | Lair:1   | Noticed Grum
 12960 | Lair:1   | Killed Grum
 13003 | Lair:1   | Reached skill level 12 in Long Blades
 13817 | Lair:1   | Got a bloodstained large shield
 13828 | Lair:1   | Identified the +8 large shield of Divine Compulsion {-Tele MR++ Str+3 Dex+9} (You found it on level 1 of the Lair of Beasts)
 14226 | Lair:1   | Got a scorched pewter ring
 14323 | Lair:1   | Identified the ring of Amorality {SustAt MP+9} (You found it on level 1 of the Lair of Beasts)
 14663 | D:12     | Reached skill level 1 in Stealth
 15220 | D:13     | Noticed Kirke
 15340 | D:13     | Reached XP level 13. HP: 95/95 MP: 19/19
 15608 | D:13     | Noticed Frances
 16435 | Lair:2   | Identified a scroll of acquirement
 16436 | Lair:2   | Got a shimmering buckler
 16447 | Lair:2   | Identified the -8 buckler of Ryrre {Dex+2} (You acquired it on level 2 of the Lair of Beasts)
 16822 | Lair:2   | Reached skill level 5 in Dodging
 16872 | Lair:3   | Found a hole to the Spider Nest.
 16938 | Lair:3   | Found a staircase to the Shoals.
 19150 | Lair:4   | You fall through a shaft for 3 floors!
 19376 | Lair:6   | Found a staircase to the Slime Pits.
 19379 | Lair:6   | Found a viscous altar of Jiyva.
 19397 | Lair:6   | Found a labyrinth entrance.
 19456 | Lair:6   | Reached skill level 5 in Stealth
 20192 | Lair:6   | Reached skill level 13 in Long Blades
 20244 | Lair:6   | Reached XP level 14. HP: 46/103 MP: 21/21
 20488 | Lair:6   | Reached skill level 10 in Evocations
 23320 | Lair:8   | Entered Level 8 of the Lair of Beasts
 24230 | Lair:8   | Reached XP level 15. HP: 109/109 MP: 23/23
 24838 | Lair:8   | Reached skill level 14 in Long Blades
 26298 | Shoals:1 | Entered Level 1 of the Shoals
 27216 | D:13     | Found a gate to the Vaults.
 27560 | D:13     | Noticed Rupert
 28304 | Orc:1    | Entered Level 1 of the Orcish Mines
 28570 | Orc:1    | Found Gelaec's Armour Emporium.
 28646 | Orc:1    | You fall through a shaft!
 28646 | Orc:2    | Entered Level 2 of the Orcish Mines
 29559 | Orc:2    | Found Yskusuus's Gadget Boutique.
 29559 | Orc:2    | Found Aqeoxt's Antique Weapon Emporium.
 29560 | Orc:2    | Found Wufadil's Armour Emporium.
 29560 | Orc:2    | Found Buarut's General Store.
 29570 | Orc:2    | Bought a +2 hat for 240 gold pieces
 29623 | Orc:2    | Found a staircase to the Elven Halls.
 29639 | Orc:2    | Bought a +0 rod of clouds (9/9) for 980 gold pieces
 29941 | Orc:2    | Reached XP level 16. HP: 88/117 MP: 24/24
 30758 | Shoals:1 | Identified a +10 rod of clouds (18/18) (supercharged by Pakellas)
 31689 | Shoals:1 | Reached skill level 15 in Long Blades
 32439 | Shoals:1 | Reached skill level 10 in Dodging
 33156 | Elf:1    | Entered Level 1 of the Elven Halls
 33457 | Elf:1    | Found Inuawiets's Jewellery Emporium.
 33474 | Elf:1    | Bought an uncursed ring of see invisible for 255 gold pieces
 33838 | Elf:1    | Found a frozen archway.
 33847 | IceCv    | Entered an ice cave
 36152 | IceCv    | Got a translucent falchion
 36153 | IceCv    | Identified the cursed +0 falchion of the Owl {distort, rPois rC- Str+4 Dex+3} (You found it in an ice cave)
 36155 | IceCv    | Cast into level 3 of the Abyss (a distortion unwield)
 36155 | Abyss:3  | Found a corrupted altar of Lugonu.
 36565 | Abyss:3  | Slain by an apocalypse crab

Skill      XL: |  1  2  3  4  5  6  7  8  9 10 11 12 13 14 15 16 |
---------------+-------------------------------------------------+-----
Long Blades    | 3 4 5 7 8 9 10 11 12 13 14 15 | 15.4
Fighting       | 4 5 6 7 9 10 11 12 13 | 13.7
Shields        | 5 7 9 10 11 12 13 14 | 14.1
Evocations     | 4 6 8 9 10 11 12 | 12.5
Dodging        | 4 6 7 9 10 | 10.3
Stealth        | 2 5 6 9 |  9.2
Throwing       | |  0.8

Action                   |  1- 3 |  4- 6 |  7- 9 | 10-12 | 13-15 | 16-18 || total
-------------------------+-------+-------+-------+-------+-------+-------++-------
Melee: Long sword        |    64 |    99 |   275 |  1078 |  2254 |   625 ||  4395
       Constrict         |    19 |    33 |    45 |   107 |   202 |    66 ||   472
       Tentacles         |    16 |    23 |    65 |   279 |   659 |   220 ||  1262
 Fire: Blowgun           |       |       |       |       |     5 |       ||     5
Throw: Stone             |       |       |    29 |    14 |       |       ||    43
       Throwing net      |       |       |     1 |       |       |       ||     1
       Javelin           |       |       |       |       |     1 |     5 ||     6
       Tomahawk          |       |       |       |       |     2 |    22 ||    24
Invok: Device Surge      |       |       |       |       |     2 |       ||     2
       Quick Charge      |       |       |       |       |     1 |     1 ||     2
       Supercharge       |       |       |       |       |       |     1 ||     1
Evoke: Wand              |       |       |       |    18 |     8 |     1 ||    27
       Phial of floods   |       |       |       |     1 |       |     1 ||     2
       Rod               |       |       |       |       |    43 |    39 ||    82
       Phantom mirror    |       |       |       |       |     1 |       ||     1
  Use: Potion            |       |       |     6 |     3 |     2 |     3 ||    14
       Scroll            |       |       |       |    18 |    12 |     7 ||    37
 Stab: Sleeping          |     6 |     4 |     7 |     9 |    29 |     2 ||    57
       Held in net/web   |       |       |     1 |       |       |       ||     1
       Confused          |       |       |       |     3 |       |       ||     3
       Distracted        |       |       |       |     1 |     3 |     5 ||     9
  Eat: Chunk             |     1 |     8 |    13 |    25 |    49 |    16 ||   112
       Beef jerky        |       |       |       |       |     1 |     1 ||     2
       Meat ration       |       |       |       |       |       |     2 ||     2
       Bread ration      |       |       |       |       |       |     1 ||     1
Armor: Skin              |     6 |     6 |    30 |    86 |   110 |    25 ||   263
Dodge: Dodged            |    24 |    32 |    70 |   307 |   625 |   198 ||  1256
Block: Shield            |    22 |    67 |   218 |   747 |   624 |       ||  1678
       Reflection        |       |       |     5 |    13 |    18 |    52 ||    88
       Large shield      |       |       |       |       |  1575 |   650 ||  2225
